 Dungeon Crawl Stone Soup version 0.19.1-1-g22dce08 (webtiles) character file.

98 theAP the Ducker (level 4, -1/24 HPs)
             Began as a Spriggan Monk on Jan 3, 2017.
             Slain by an orc
             ... wielding a +0 club
              (2 damage)
             ... on level 3 of the Dungeon.
             The game lasted 00:06:32 (2268 turns).

theAP the Ducker (Spriggan Monk)                    Turns: 2268, Time: 00:06:32

Health: -1/24      AC:  2    Str:  8    XL:     4   Next: 43%
Magic:  5/5        EV: 21    Int: 11    God:
Gold:   72         SH:  0    Dex: 18    Spells: 0 memorised, 3 levels left

rFire  . . .     SeeInvis +     e - +0 whip
rCold  . . .     Gourm    .     b - +0 robe
rNeg   . . .     Faith    .     (shield restricted)
rPois  .         Spirit   .     (helmet restricted)
rElec  .         Reflect  .     (no cloak)
rCorr  .         Harm     .     (gloves unavailable)
MR     +....                    (boots unavailable)
Stlth  +++.......               k - amulet of magic regeneration
                                (no ring)
                                l - ring of protection from magic

@: very quick
A: unfitting armour, see invisible, herbivore 3, speed 3, slow metabolism 2
a: no special abilities


You were on level 3 of the Dungeon.
You were not hungry.

You visited 1 branch of the dungeon, and saw 3 of its levels.

You collected 72 gold pieces.

Inventory:

Hand Weapons
 a - a +1 mace
 e - a +0 whip (weapon)
Armour
 b - a +0 robe (worn)
 h - a +0 helmet
Jewellery
 j - a +4 amulet of reflection
 k - an amulet of magic regeneration (around neck)
 l - a ring of protection from magic (left hand)
 o - a +6 ring of intelligence {unknown}
 q - an uncursed ring of positive energy {unknown}
Scrolls
 d - 4 scrolls of remove curse
 p - a scroll of random uselessness {unknown}
Potions
 f - a potion of degeneration
 g - 2 potions of agility
 i - a potion of beneficial mutation {unknown}
 m - 2 potions of heal wounds {unknown}
 n - 2 potions of curing {unknown}
Comestibles
 c - 4 bread rations


   Skills:
 + Level 3.0 Fighting
 * Level 3.0 Maces & Flails
 + Level 5.5 Dodging
 - Level 3.1 Stealth


You had 3 spell levels left.
You didn't know any spells.

Dungeon Overview and Level Annotations

Branches:
Dungeon (3/15)

Altars:
The Shining One


Innate Abilities, Weirdness & Mutations

You are very small and have problems with some larger weapons.
You are too small for most types of armour.
You have supernaturally acute eyesight. (SInv)
You are a herbivore.
You cover ground extremely quickly.
You need consume almost no food.


Message History

The orc closely misses you.
You hit the orc but do no damage.
The orc is heavily wounded.
The orc misses you.
You barely miss the orc.
The orc is heavily wounded.
The orc hits you but does no damage.
You hit the orc.
You kill the orc!
You hit the orc.
The orc is lightly wounded.
The orc closely misses you.
You barely miss the orc.
The orc is lightly wounded.
The orc hits you with a club.
* * * LOW HITPOINT WARNING * * *
You hit the orc.
The orc is heavily wounded.
The orc hits you with a club.
You die...

..# ..###
## ..#. #?
#. ...
#..##.##..#
#.........#
#.......†#
#o# #. #@#
#.##.#
#.##.#
#.##.##.#
#.......#
####.##>##
#.#...####
##
#...%....+
+.
#.#...####
##


You could see an orc.

Vanquished Creatures
  An orc wizard (D:3)
  An adder (D:3)
  An ooze (D:2)
  2 worms (D:2)
  2 dart slugs
  3 orcs (D:3)
  5 goblins
  4 hobgoblins
  9 jackals
  2 quokkas (D:2)
  A ball python (D:1)
  6 bats
  A frilled lizard (D:2)
  6 kobolds
  9 rats
53 creatures vanquished.

Notes
Turn   | Place    | Note
-------+----------+-------------------------------------------
     0 | D:1      | theAP the Spriggan Monk began the quest for the Orb.
     0 | D:1      | Reached XP level 1. HP: 11/11 MP: 2/2
   401 | D:1      | Reached XP level 2. HP: 13/16 MP: 3/3
  1031 | D:2      | Reached skill level 5 in Dodging
  1155 | D:2      | Reached XP level 3. HP: 19/19 MP: 4/4
  1769 | D:2      | Found a glowing golden altar of the Shining One.
  2128 | D:3      | Reached XP level 4. HP: 21/24 MP: 5/5
  2267 | D:3      | HP: 1/24 [orc/club (5)]
  2268 | D:3      | Slain by an orc

Skill      XL: |  1  2  3  4 |
---------------+-------------+-----
Dodging        | 5 |  5.5
Fighting       | 3 |  3.0
Maces & Flails | 3 |  3.0
Stealth        | |  3.1

Action                   |  1- 3 |  4- 6 || total
-------------------------+-------+-------++-------
Melee: Mace              |   110 |       ||   110
       Whip              |    80 |    53 ||   133
  Use: Scroll            |     5 |       ||     5
 Stab: Sleeping          |     9 |       ||     9
Armor: Robe              |    15 |     6 ||    21
Dodge: Dodged            |   181 |    42 ||   223
Block: Other             |    15 |       ||    15
